 Dungeon Crawl Stone Soup version 0.28-a0-1356-g2ad6d04315 (webtiles) character file.

Game seed: 5915119097313122848

144 rocketpapaya the Magician (level 5, -2/32 HPs)
             Began as a Deep Elf Conjurer on Dec 30, 2021.
             Killed by miscasting Iskenderun's Mystic Blast (13 damage)
             ... on level 4 of the Dungeon.
             The game lasted 00:07:44 (3359 turns).

rocketpapaya the Magician (Deep Elf Conjurer)       Turns: 3359, Time: 00:07:44

Health: -2/32      AC:  3    Str:  4    XL:     5   Next: 5%
Magic:  6/14       EV: 12    Int: 25    God:
Gold:   83         SH:  0    Dex: 13    Spells: 2/13 levels left

rFire   . . .      SeeInvis .   c - +0 dagger
rCold   . . .      Faith    .   (no shield)
rNeg    . . .      Spirit   .   a - +0 robe
rPois   .          Reflect  .   (no helmet)
rElec   .          Harm     .   j - +0 cloak
rCorr   .          Rampage  .   (no gloves)
Will    .....                   (no boots)
Stlth   ++........              (no amulet)
HPRegen 0.10/turn               (no ring)
MPRegen 0.14/turn               (no ring)

@: very slightly contaminated
A: no striking features
a: no special abilities


You were on level 4 of the Dungeon.
You visited 1 branch of the dungeon, and saw 4 of its levels.

You collected 83 gold pieces.

Inventory:

Hand Weapons
 c - a +0 dagger (weapon)
Armour
 a - a +0 robe (worn)
 j - a +0 cloak (worn)
Jewellery
 k - a ring of fire
Wands
 n - a wand of acid (2)
Scrolls
 b - 3 scrolls of identify {unknown}
 f - a scroll of brand weapon {unknown}
 g - 3 scrolls of noise {unknown}
 l - a scroll of immolation {unknown}
 o - a scroll of acquirement {unknown}
Potions
 d - a potion of haste {unknown}
 e - a potion of lignification {unknown}
 h - a potion of ambrosia {unknown}
 i - a potion of heal wounds {unknown}
 m - a potion of curing {unknown}


   Skills:
 - Level 3.0 Fighting
 - Level 2.4 Dodging
 - Level 2.4 Stealth
 + Level 4.8 Spellcasting
 - Level 4.3 Conjurations
 + Level 0.2 Hexes
 + Level 0.2 Translocations


You had 2 spell levels left.
You knew the following spells:

 Your Spells              Type           Power      Damage    Failure   Level
a - Magic Dart            Conj           100%       1d8       1%          1
b - Searing Ray           Conj           54%        2d6       1%          2
c - Fulminant Prism       Conj/Hex       8%         3d7       32%         4
d - Iskenderun's Mystic   Conj/Tloc      17%        2d5       32%         4

Your spell library contained the following spells:

 Spells                   Type           Power      Damage    Failure   Level
 Dazzling Flash           Conj/Hex       34%        N/A       10%         3


Dungeon Overview and Level Annotations

Branches:
Dungeon (4/15)             Temple (0/1) D:4

Altars:


Message History

The adder zombie closely misses you. The water moccasin zombie bites you.
The scorpion zombie hits you. The hound skeleton barely misses you.
The hound zombie bites you but does no damage.
The adder skeleton bites you. The adder zombie bites you.
The water moccasin zombie bites you. The scorpion zombie hits you.
The hound skeleton completely misses you.
There is a stone staircase leading up, spattered with blood here.
Casting: Fulminant Prism (extremely dangerous; 32% risk of failure)
Confirm with . or Enter, or press ? or * to list all spells.
The spell is extremely dangerous to miscast (32% risk of failure)!
Continue anyway?
You erupt in a blast of force!
The mystic blast hits the adder skeleton.
The adder skeleton is heavily damaged.
The adder skeleton is knocked back by the mystic blast.
The mystic blast hits the water moccasin zombie!
The water moccasin zombie is severely damaged.
The water moccasin zombie is knocked back by the mystic blast.
The mystic blast hits the hound zombie.
The hound zombie is heavily damaged.
The hound zombie is knocked back by the mystic blast.
The mystic blast hits the scorpion zombie!
The scorpion zombie is heavily damaged.
The scorpion zombie is knocked back by the mystic blast.
The mystic blast hits the adder zombie.
The adder zombie is severely damaged.
The adder zombie is knocked back by the mystic blast.
The mystic blast hits the adder skeleton.
The adder skeleton is moderately damaged.
The mystic blast hits the hound skeleton!
The hound skeleton is severely damaged.
The hound skeleton is knocked back by the mystic blast.
You hear a shout!
The adder skeleton barely misses you.
Casting: Iskenderun's Mystic Blast (extremely dangerous; 32% risk of failure)
Confirm with . or Enter, or press ? or * to list all spells.
The spell is extremely dangerous to miscast (32% risk of failure)!
Continue anyway?
You miscast Iskenderun's Mystic Blast.
You are very lightly contaminated with residual magic.
A wave of violent energy washes through your body!
You die...

.......
....$..>...........
...................
...................
...........Z.......
.(.................
..P..P...Z...Z.....
...P...............
.......<.Z.@.......
...........Z.......
...§.....Z.........
.§§.........[......
.§.§.......Z.......
..§................
§§.§...............
.§§................


You could see an adder zombie, a water moccasin zombie, a hound zombie, a
scorpion zombie, 2 adder skeletons and a hound skeleton.

Vanquished Creatures
  Ijyb (D:3)
  2 adders
  An ufetubus (D:4)
  2 worms (D:2)
  A dart slug (D:2)
  7 orcs (D:3)
  4 ball pythons
  7 bats
  9 endoplasms
  3 giant cockroaches
  5 goblins
  6 hobgoblins
  4 jackals (D:2)
  6 kobolds
  5 quokkas
  5 frilled lizards
  4 rats (D:1)
72 creatures vanquished.

Vanquished Creatures (others)
  2 fulminant prisms
2 creatures vanquished.

Grand Total: 74 creatures vanquished

Notes
Turn   | Place    | Note
-------+----------+-------------------------------------------
     0 | D:1      | rocketpapaya the Deep Elf Conjurer began the quest for the
                  | Orb.
     0 | D:1      | Reached XP level 1. HP: 10/10 MP: 6/6
     3 | D:1      | Noticed an electric eel
     8 | D:1      | Noticed an electric eel
    64 | D:1      | Reached skill level 1 in Fighting
   174 | D:1      | Reached XP level 2. HP: 16/16 MP: 6/8
   178 | D:1      | Learned a level 2 spell: Searing Ray
   566 | D:1      | Reached XP level 3. HP: 21/21 MP: 3/9
   701 | D:1      | You fall into a shaft and drop 1 floor!
  1558 | D:2      | Reached XP level 4. HP: 25/28 MP: 2/10
  1563 | D:2      | Learned a level 4 spell: Fulminant Prism
  2028 | D:3      | Noticed Ijyb
  2033 | D:3      | HP: 1/28 [Ijyb/bolt of acid (27)]
  2042 | D:3      | Killed Ijyb
  2670 | D:3      | Found a faded altar of an unknown god.
  2720 | D:3      | Learned a level 4 spell: Iskenderun's Mystic Blast
  2809 | D:3      | Reached XP level 5. HP: 32/32 MP: 12/14
  2898 | D:4      | Found a staircase to the Ecumenical Temple.
  3296 | D:4      | Noticed an ogre
  3359 | D:4      | Killed by miscasting Iskenderun's Mystic Blast

Illustrated notes

Levels and vault maps discovered:
D:1:      arrival_aquarium_b, layout_rooms, serial_glass, glass_columns_a,
          glass_columns_a
D:2:      layout_rooms, st_stairs_4, chequers_hall_statues_corner_a
D:3:      layout_rooms, ebering_ecumenical_altar_hall, eino_tiny_chamber,
          hangedman_abyss_or_decor_stabs, uniq_ijyb
D:4:      layout_layer_cave, makhleb_altar_promises_db,
          minmay_temple_entry_drinking_statues, serial_shops, shop,
          gammafunk_ghost_abyssal_escape, serial_undead, serial_undead_e,
          serial_undead_a, serial_undead_d, serial_undead_f

Skill      XL: |  1  2  3  4 |
---------------+-------------+-----
Fighting       | 1 2 3 |  3.0
Spellcasting   | 4 |  4.8
Dodging        | |  2.4
Stealth        | |  2.4
Conjurations   | |  4.3
Hexes          | |  0.2
Translocations | |  0.2

Action                   |  1- 3 |  4- 6 || total
-------------------------+-------+-------++-------
Melee: Dagger            |    18 |     1 ||    19
 Cast: Magic Dart        |    88 |    34 ||   122
       Searing Ray       |     3 |     6 ||     9
       Fulminant Prism   |       |     2 ||     2
       Iskenderun's Myst |       |     2 ||     2
Armor: Robe              |     4 |     7 ||    11
Dodge: Dodged            |    14 |    21 ||    35

Table legend: (Time is in decaauts)
 A = Elapsed time spent in this place.
 B = Non-inter-level travel time spent in this place.
 C = Inter-level travel time spent in this place.
 D = Time resting spent in this place.
 E = Time spent auto-exploring this place.
 F = Levels seen in this place.
 G = Mean time per level.
                   A        B        C        D        E       F      G
               +--------+--------+--------+--------+--------+-----+--------+
         Total |   3378 |   3309 |     69 |    842 |   2056 |   4 |  844.5 |
       Dungeon |   3378 |   3309 |     69 |    842 |   2056 |   4 |  844.5 |
               +--------+--------+--------+--------+--------+-----+--------+

Top non-repeatable levels by time:
     D:3: 1360 daAuts
     D:2: 1084 daAuts
     D:1: 891 daAuts
     D:4: 42 daAuts
